[Event "Titled Tuesday Blitz August 31 2021"]
[White "deribas12345"]
[Black "Sjugirov, Sanan"]
[BlackFideId "4189302"]
[WhiteElo "2574"]
[BlackElo "2472"]
[Result "0-1"]
[Round "02"]
[TimeControl "180+1"]
[Date "2021.08.31"]
[WhiteClock "0:00:04"]
[BlackClock "0:00:05"]

1. d4 Nf6 2. c4 e6 3. Nc3 Bb4 4. a3 Bxc3+ 5. bxc3 d5 6. f3 Nc6 7. cxd5 exd5 8. e3 Bf5 9. g4 Nxg4 10. fxg4 Qh4+ 11. Kd2 Be4 12. Nf3 Qf2+ 13. Be2 Bxf3 14. Rf1 Qxe2+ 15. Qxe2 Bxe2 16. Kxe2 f6 17. Rb1 O-O-O 18. Kd3 Rhe8 19. c4 dxc4+ 20. Kxc4 Ne7 21. Bd2 Nd5 22. Rb3 Re6 23. g5 fxg5 24. Rf7 Re7 25. Rxe7 Nxe7 26. e4 Nc6 27. Bc3 Re8 28. d5 Nd8 29. Kd3 g6 30. Rb2 Rf8 31. e5 c6 32. e6 Re8 33. Bf6 cxd5 34. Bxd8 Kxd8 35. Rxb7 Rxe6 36. Rxh7 Ra6 37. Kd4 Rxa3 38. Kxd5 a5 39. Rg7 Rd3+ 40. Kc4 Rd6 41. Kc5 Rf6 42. Kb5 Rf5+ 43. Ka4 Ke8 44. Rxg6 Kf7 45. Ra6 Rf2 46. Kb3 Rxh2 47. Rxa5 Kf6 48. Kc3 Re2 49. Kd3 Re7 50. Rb5 g4 51. Ra5 g3 52. Ra1 Kf5 53. Ra5+ Kf4 54. Ra8 Kf3 55. Rf8+ Kg2 56. Rg8 Kf2 57. Rf8+ Kg1 58. Rg8 g2 59. Kd2 Re6 60. Rf8 Re5 61. Rf7 Kh2 62. Rh7+ Kg3 63. Rg7+ Kf3 64. Rf7+ Kg4 65. Rg7+ Rg5 66. Re7 g1=Q 0-1


[Site "https://www.chess.com"]

[Event "Titled Tuesday Blitz August 31 2021"]
[White "ketster"]
[Black "Dobrov, Vladimir"]
[BlackFideId "4136594"]
[WhiteElo "2535"]
[BlackElo "2614"]
[Result "0-1"]
[Round "02"]
[TimeControl "180+1"]
[Date "2021.08.31"]
[WhiteClock "0:00:08"]
[BlackClock "0:00:17"]

1. d4 Nf6 2. c4 e6 3. g3 d5 4. Bg2 Bb4+ 5. Bd2 Be7 6. Nf3 O-O 7. O-O Nbd7 8. Qc2 c6 9. a3 b6 10. cxd5 cxd5 11. Bb4 a5 12. Bxe7 Qxe7 13. Nc3 Ba6 14. Qb3 Bc4 15. Qd1 Rfc8 16. Re1 Rab8 17. Rc1 Ba6 18. Nd2 h6 19. Qa4 Qe8 20. Bf1 Qd8 21. Nb5 Rxc1 22. Rxc1 Rc8 23. Rxc8 Qxc8 24. Nc3 Ne8 25. e3 Bxf1 26. Kxf1 Nd6 27. Kg2 g5 28. h3 Kg7 29. Nb5 Qc6 30. Nc3 Qc8 31. Nb5 Nf5 32. Qb3 Qc1 33. Qc3 Qd1 34. Nf3 Qe2 35. g4 Nxe3+ 36. Qxe3 Qxb5 37. Ne5 Nf6 38. b3 a4 39. bxa4 Qxa4 40. Nf3 Qc2 41. Kg3 Ne4+ 42. Kg2 f6 43. h4 b5 44. h5 Qc3 45. Qe2 Qb3 46. Qf1 Qxf3+ 47. Kxf3 Nd2+ 48. Ke2 Nxf1 49. Kxf1 e5 50. Ke2 Kf7 51. Kd3 Ke6 52. Kc3 Kd6 53. Kb4 Kc6 54. Ka5 exd4 55. Kb4 d3 56. Kc3 Kc5 57. Kxd3 d4 0-1


[Site "https://www.chess.com"]

[Event "Titled Tuesday Blitz August 31 2021"]
[White "Abdurakhmonov, Mukhammadali"]
[Black "Devagharan, Devina"]
[WhiteFideId "14207346"]
[BlackFideId "2061600"]
[WhiteElo "2266"]
[BlackElo "2211"]
[Result "1-0"]
[Round "03"]
[TimeControl "180+1"]
[Date "2021.08.31"]
[WhiteClock "0:02:08"]
[BlackClock "0:00:21"]

1. e4 d5 2. exd5 Qxd5 3. Nc3 Qd6 4. d4 Nf6 5. Nf3 c6 6. Ne5 e6 7. Bf4 Qd8 8. Bg3 Nbd7 9. Bd3 Nb6 10. O-O Bd6 11. Qf3 Nbd5 12. Ne4 Bxe5 13. dxe5 Nxe4 14. Bxe4 Ne7 15. Rad1 Qc7 16. Rd6 O-O 17. Rfd1 Ng6 18. h4 Qe7 19. h5 Nh4 20. Qf4 Nf5 21. Bxf5 exf5 22. Bh4 Qc7 23. h6 Be6 24. hxg7 Rfe8 25. Bf6 Qb6 26. R1d3 Qxb2 27. Rh3 1-0


[Site "https://www.chess.com"]

[Event "Titled Tuesday Blitz August 31 2021"]
[White "Abdusattorov, Nodirbek"]
[Black "Weetik, Vjacheslav"]
[WhiteFideId "14204118"]
[BlackFideId "4153472"]
[WhiteElo "2662"]
[BlackElo "2469"]
[Result "1-0"]
[Round "03"]
[TimeControl "180+1"]
[Date "2021.08.31"]
[WhiteClock "0:00:58"]
[BlackClock "0:00:02"]

1. e4 c6 2. d4 d5 3. e5 Bf5 4. h4 Qb6 5. Nc3 h6 6. g4 Bd7 7. f4 h5 8. gxh5 Nh6 9. Be2 Bf5 10. Nf3 e6 11. Na4 Qc7 12. Be3 Bg4 13. Nd2 Bxe2 14. Qxe2 Nf5 15. Bf2 Nd7 16. Nb3 b6 17. O-O-O a6 18. Rh3 c5 19. dxc5 bxc5 20. Nbxc5 Nxc5 21. Bxc5 Bxc5 22. Rc3 Be3+ 23. Rxe3 Nxe3 24. Qxe3 Rxh5 25. Kb1 g6 26. Nc5 Rc8 27. b4 a5 28. a3 Rxh4 29. Rd3 axb4 30. axb4 Rb8 31. Na6 Qb6 32. Nxb8 Qxb8 33. Rb3 Qb5 34. Kb2 Rh2 35. Qc3 Kf8 36. Qc5+ Qxc5 37. bxc5 Ke8 38. c6 Kd8 39. Rb7 Rf2 40. Rxf7 g5 41. Rd7+ Kc8 42. fxg5 Rf5 43. g6 1-0


[Site "https://www.chess.com"]

[Event "Titled Tuesday Blitz August 31 2021"]
[White "Aditya Mittal"]
[Black "Tang, Andrew"]
[WhiteFideId "35042025"]
[BlackFideId "2059630"]
[WhiteElo "2171"]
[BlackElo "2588"]
[Result "1-0"]
[Round "03"]
[TimeControl "180+1"]
[Date "2021.08.31"]
[WhiteClock "0:00:52"]
[BlackClock "0:00:01"]

1. d4 d5 2. c4 e6 3. Nc3 Be7 4. cxd5 exd5 5. Bf4 c6 6. e3 Bf5 7. g4 Be6 8. h4 Nd7 9. h5 Nh6 10. Be2 Nb6 11. a4 Nc4 12. b3 Nd6 13. Nh3 Qa5 14. b4 Qxb4 15. Qd2 Nc4 16. Bxc4 Qxc4 17. Bxh6 gxh6 18. f3 f5 19. Nf4 Bd7 20. gxf5 Bxf5 21. Rc1 Rg8 22. Kf2 Bb4 23. Qb2 Bxc3 24. Rxc3 Qa6 25. e4 dxe4 26. fxe4 Bd7 27. Qb4 O-O-O 28. Rhc1 Rdf8 29. Qd6 Qxa4 30. Kf3 Qb5 31. d5 Rd8 32. Qa3 Bg4+ 33. Kf2 Kb8 34. Rb3 Qxb3 35. Qxb3 cxd5 36. exd5 Rgf8 37. Qe3 Bc8 38. Qe5+ Ka8 39. Ke3 Rfe8 40. Ne6 Rd7 41. Kd4 Rde7 42. Nc7+ Rxc7 43. Qxc7 1-0


[Site "https://www.chess.com"]

[Event "Titled Tuesday Blitz August 31 2021"]
[White "Arabidze, Meri"]
[Black "Hansen, Eric"]
[WhiteFideId "13604040"]
[BlackFideId "2606771"]
[WhiteElo "2432"]
[BlackElo "2568"]
[Result "0-1"]
[Round "03"]
[TimeControl "180+1"]
[Date "2021.08.31"]
[WhiteClock "0:00:04"]
[BlackClock "0:00:06"]

1. Nf3 d5 2. d4 Nf6 3. c4 e6 4. Nc3 c6 5. e3 Nbd7 6. Qc2 Bd6 7. Be2 O-O 8. O-O dxc4 9. a4 a5 10. Bxc4 e5 11. Rd1 Qe7 12. Bb3 Bb4 13. Bd2 exd4 14. exd4 Nb6 15. Bg5 h6 16. Bh4 Qd6 17. Ne5 Be6 18. Bxe6 Qxe6 19. Re1 Nfd5 20. Nd3 Qg4 21. Re4 Qf5 22. Rae1 Rac8 23. h3 Bd6 24. Qd1 Nb4 25. Ne5 f6 26. Ng4 N6d5 27. Re6 Rcd8 28. Nxd5 Nxd5 29. R6e4 h5 30. Nh2 Bxh2+ 31. Kxh2 Rd7 32. Bg3 Rfd8 33. Re8+ Rxe8 34. Rxe8+ Kf7 35. Rb8 Kg6 36. h4 Re7 37. Qb3 Nb4 38. Qg8 Qd7 39. Rf8 Qe6 40. Qh8 Nd5 41. f3 Ne3 42. Bf2 Qd6+ 43. Kg1 Nf5 44. g4 Nh6 45. gxh5+ Kxh5 46. Qh7 Qd5 47. Kg2 Qf5 48. Qxf5+ Nxf5 49. Rh8+ Kg6 50. h5+ Kf7 51. Rb8 Rd7 52. Kf1 Ke6 53. Ke2 Kd5 54. Kd3 Nd6 55. b3 Nf5 56. Rg8 Ke6 57. Re8+ Kf7 58. Rb8 c5 59. Kc4 cxd4 60. Kd3 Ke6 61. Ra8 b6 62. Rb8 Rd6 63. Rb7 Rc6 64. Ke4 Nd6+ 65. Kxd4 Nxb7 0-1


[Site "https://www.chess.com"]

[Event "Titled Tuesday Blitz August 31 2021"]
[White "Ashwin, Jayaram"]
[Black "Shahade, Gregory"]
[WhiteFideId "5018137"]
[BlackFideId "2009064"]
[WhiteElo "2461"]
[BlackElo "2655"]
[Result "0-1"]
[Round "03"]
[TimeControl "180+1"]
[Date "2021.08.31"]
[WhiteClock "0:00:01"]
[BlackClock "0:00:05"]

1. d4 Nf6 2. c4 g6 3. Nc3 d5 4. cxd5 Nxd5 5. e4 Nxc3 6. bxc3 Bg7 7. Be3 c5 8. Rc1 Qa5 9. Qd2 O-O 10. Nf3 Rd8 11. d5 e6 12. Bg5 f6 13. Be3 Nc6 14. c4 Qxd2+ 15. Nxd2 Nd4 16. Nb3 Nxb3 17. axb3 b6 18. Be2 f5 19. exf5 exf5 20. O-O Bd7 21. h4 Re8 22. Bf3 Rad8 23. g3 Kf7 24. Rfe1 Bf6 25. Bf4 Rc8 26. Kf1 a5 27. Rxe8 Rxe8 28. Re1 Rxe1+ 29. Kxe1 a4 30. bxa4 Bxa4 31. Bc7 b5 32. cxb5 Bc3+ 33. Ke2 Bxb5+ 34. Kd1 Bd3 35. h5 Ke7 36. hxg6 hxg6 37. Bf4 Kd7 38. Be2 Be4 39. Bc4 Bf6 40. Ke2 Bd4 41. f3 Bc2 42. g4 fxg4 43. fxg4 Bb1 44. Bd3 Bxd3+ 45. Kxd3 Ke7 46. Kc4 Kd7 47. Bg3 Ke7 48. Bf4 Kd7 49. Bg3 Ke7 50. Kb5 Kd7 51. Bf4 Ke7 52. Kc6 Bf6 53. Kc7 Ke8 54. d6 Bd8+ 55. Kc8 Ba5 56. d7+ Kf7 57. d8=Q Bxd8 58. Kxd8 Ke6 59. Bd2 Ke5 60. Ke7 c4 61. Kf7 c3 0-1


[Site "https://www.chess.com"]

[Event "Titled Tuesday Blitz August 31 2021"]
[White "Assaubayeva, Bibisara"]
[Black "Gubanov, Oleg"]
[WhiteFideId "13708694"]
[BlackFideId "14115115"]
[WhiteElo "2232"]
[BlackElo "2138"]
[Result "1-0"]
[Round "03"]
[TimeControl "180+1"]
[Date "2021.08.31"]
[WhiteClock "0:00:30"]
[BlackClock "0:00:04"]

1. Nf3 b5 2. e4 Bb7 3. e5 a6 4. d4 e6 5. Bd3 c5 6. c3 Nc6 7. a4 Qb6 8. axb5 axb5 9. Rxa8+ Bxa8 10. dxc5 Bxc5 11. O-O Qb8 12. Bf4 Nge7 13. Nbd2 Ng6 14. Bxg6 hxg6 15. Ne4 Be7 16. Nd6+ Bxd6 17. exd6 f6 18. Qd3 Kf7 19. Nd2 Nd8 20. Re1 Qb7 21. f3 g5 22. Bg3 g4 23. Ra1 gxf3 24. Nxf3 Qd5 25. Qxd5 Bxd5 26. Nd4 b4 27. cxb4 Nc6 28. Nc2 Rb8 29. Be1 Be4 30. Ne3 Nxb4 31. Ra7 Bc6 32. Nc4 Nd3 33. Na5 Rxb2 34. Nxc6 Rb1 35. Rxd7+ Kg6 36. h3 Nxe1 37. Re7 Rd1 38. d7 Nf3+ 39. Kf2 Nd4 40. d8=Q Rd2+ 41. Ke3 Nxc6 42. Qxd2 Nxe7 43. Qc2+ f5 44. Kf3 Kf7 45. g4 g6 46. gxf5 gxf5 47. Kf4 Ng6+ 48. Kg5 Ne5 49. Qc7+ Ke8 50. Qxe5 1-0


[Site "https://www.chess.com"]

[Event "Titled Tuesday Blitz August 31 2021"]
[White "Bacrot, Etienne"]
[Black "Maiorov, Nikita"]
[WhiteFideId "605506"]
[BlackFideId "13501720"]
[WhiteElo "2673"]
[BlackElo "2440"]
[Result "0-1"]
[Round "03"]
[TimeControl "180+1"]
[Date "2021.08.31"]
[WhiteClock "0:00:03"]
[BlackClock "0:00:07"]

1. e4 e5 2. Nf3 Nc6 3. Bb5 a6 4. Ba4 Nf6 5. d3 d6 6. c4 g6 7. Nc3 Bg7 8. h3 O-O 9. Be3 Nd7 10. Bxc6 bxc6 11. d4 exd4 12. Nxd4 Ne5 13. b3 c5 14. Nde2 Kh8 15. Qd2 f5 16. Bh6 fxe4 17. Bxg7+ Kxg7 18. Nxe4 Bb7 19. N2g3 Qh4 20. Qe3 Rf4 21. Nxc5 Re8 22. O-O-O dxc5 23. Rhe1 Rd4 24. Kb1 Bxg2 25. Rg1 Be4+ 26. Ka1 Rxd1+ 27. Rxd1 Bf3 28. Rd2 Qf6 29. Qc3 Ng4 30. Rd3 Re1+ 31. Kb2 Ne5 32. Rd2 Nxc4+ 33. bxc4 Rb1+ 34. Kxb1 Qxc3 35. Rd7+ Kh6 36. Rxc7 Qxc4 37. Kb2 Bd5 38. Rd7 Qxa2+ 39. Kc1 Qc4+ 40. Kd2 Qd4+ 41. Ke1 Qe5+ 42. Kf1 Qa1+ 43. Ke2 Bc4+ 44. Kf3 Qa3+ 45. Kg2 Be6 46. Rd6 Qb3 47. Ne4 Bd5 48. Kh2 Bxe4 49. h4 Qf3 0-1


[Site "https://www.chess.com"]

[Event "Titled Tuesday Blitz August 31 2021"]
[White "Begunov, Konstantin"]
[Black "Batsuren, Dambasuren"]
[WhiteFideId "4118510"]
[BlackFideId "4902920"]
[WhiteElo "2262"]
[BlackElo "2371"]
[Result "0-1"]
[Round "03"]
[TimeControl "180+1"]
[Date "2021.08.31"]
[WhiteClock "0:00:02"]
[BlackClock "0:00:41"]

1. d4 Nf6 2. c4 c5 3. Nf3 cxd4 4. Nxd4 g6 5. Nc3 Bg7 6. g3 O-O 7. Bg2 Nc6 8. O-O Nxd4 9. Qxd4 d6 10. Qd2 Be6 11. b3 d5 12. cxd5 Nxd5 13. Nxd5 Bxa1 14. Ba3 Bxd5 15. Qxd5 Qxd5 16. Bxd5 Bf6 17. Bxb7 Rab8 18. Ba6 Rfd8 19. Bd3 Rbc8 20. Kg2 h5 21. Kf3 Kg7 22. Ke3 e6 23. f4 Bc3 24. Rc1 Bd4+ 25. Ke4 f5+ 26. Kf3 Rxc1 27. Bxc1 Kf6 28. Ba3 e5 29. fxe5+ Bxe5 30. Bc5 Bd4 31. Bb4 g5 32. Bc4 g4+ 33. Kg2 Be3 34. h3 Rd1 35. h4 Rg1+ 36. Kh2 Rc1 37. a4 f4 38. gxf4 Bxf4+ 39. Kg2 Be3 40. Ba3 Rg1+ 41. Kh2 Ke5 42. Be7 g3+ 43. Kh3 Bf2 44. Bd8 Rh1+ 45. Kg2 Rh2+ 46. Kf1 Bb6 47. Be7 g2+ 0-1


[Site "https://www.chess.com"]

[Event "Titled Tuesday Blitz August 31 2021"]
[White "Bernadskiy, Vitaliy"]
[Black "Garcia Garcia, Alejandro"]
[WhiteFideId "14100371"]
[BlackFideId "3516334"]
[WhiteElo "2742"]
[BlackElo "2475"]
[Result "1-0"]
[Round "03"]
[TimeControl "180+1"]
[Date "2021.08.31"]
[WhiteClock "0:01:48"]
[BlackClock "0:01:34"]

1. e4 c5 2. Nf3 e6 3. d4 cxd4 4. Nxd4 Nc6 5. Nc3 Nf6 6. Be2 Bb4 7. O-O O-O 8. Bg5 h6 9. Bh4 Bxc3 10. Bxf6 Qxf6 11. bxc3 Rd8 12. f4 d6 13. Rb1 Rb8 14. Nxc6 1-0


[Site "https://www.chess.com"]

[Event "Titled Tuesday Blitz August 31 2021"]
[White "Chen, Max"]
[Black "Ahmadzada, Ahmad"]
[WhiteFideId "2622440"]
[BlackFideId "13413007"]
[WhiteElo "2459"]
[BlackElo "2226"]
[Result "1-0"]
[Round "03"]
[TimeControl "180+1"]
[Date "2021.08.31"]
[WhiteClock "0:00:04"]
[BlackClock "0:00:02"]

1. e4 d5 2. exd5 Qxd5 3. Nc3 Qd8 4. d4 Nf6 5. Bc4 Bf5 6. Nge2 e6 7. O-O Be7 8. f3 O-O 9. Be3 Nbd7 10. Qd2 Nb6 11. Bb3 c5 12. dxc5 Bxc5 13. Kh1 Qe7 14. Bxc5 Qxc5 15. Qd4 Qe7 16. Ng3 Bg6 17. Rfe1 Rfd8 18. Qh4 a5 19. a4 Rd2 20. Nge4 Bxe4 21. Nxe4 Rd7 22. Rad1 Nxe4 23. Qxe4 Rad8 24. c3 g6 25. h3 Rxd1 26. Rxd1 Rxd1+ 27. Bxd1 Qc7 28. Be2 Nd5 29. Bb5 Qg3 30. Qe2 h5 31. Bc4 Nf4 32. Qd2 h4 33. Bf1 Qg5 34. Qd4 Nh5 35. Kg1 Ng3 36. b4 Qc1 37. Qd3 axb4 38. cxb4 g5 39. Kf2 Qb2+ 40. Ke3 Qxb4 41. Qd8+ Kh7 42. Bd3+ f5 43. Qxg5 Qc5+ 44. Kd2 Qb4+ 45. Ke3 Qc5+ 46. Kd2 Qd4 47. Qe7+ Kh8 48. Qe8+ Kg7 49. Qe7+ Kg6 50. Qxe6+ Qf6 51. Qxf6+ Kxf6 52. Ke3 Ke5 53. f4+ Kf6 54. Kf3 b6 55. Bc4 Ke7 56. Bb5 Kd6 57. Ke3 Kc5 58. Kd3 Kb4 59. Ke3 Kc3 60. Kf3 Kd4 61. Bd7 Kd5 62. Bb5 Kd6 63. Ke3 Ne4 64. Kd4 Ng3 65. Bd3 Ke6 66. Kc4 Nh5 67. Kb5 Nxf4 68. Bf1 Kd7 69. Kxb6 Kc8 70. Kc6 Nh5 71. Kd6 Ng3 72. Bd3 Nh1 73. Ke5 Nf2 74. Bxf5+ 1-0


[Site "https://www.chess.com"]

[Event "Titled Tuesday Blitz August 31 2021"]
[White "Costachi, Mihnea"]
[Black "Silva, Miguel Antonio Neto"]
[WhiteFideId "1217518"]
[BlackFideId "1911929"]
[WhiteElo "2482"]
[BlackElo "2283"]
[Result "1-0"]
[Round "03"]
[TimeControl "180+1"]
[Date "2021.08.31"]
[WhiteClock "0:02:11"]
[BlackClock "0:00:27"]

1. e4 e5 2. Nf3 Nc6 3. Bc4 Bc5 4. O-O Nf6 5. d4 Bxd4 6. Nxd4 Nxd4 7. Bg5 Qe7 8. Nc3 c6 9. Kh1 h6 10. Bh4 g5 11. Bg3 d6 12. Ne2 Nxe2 13. Qxe2 Be6 14. Rad1 O-O-O 15. a4 h5 16. f3 h4 17. Bf2 Kb8 18. a5 g4 19. Bxe6 fxe6 20. Qe3 c5 21. a6 g3 22. Bg1 h3 23. hxg3 hxg2+ 24. Kxg2 Rdg8 25. Qd3 d5 26. Qb5 d4 27. Qxb7+ Qxb7 28. axb7 Kxb7 29. g4 Nd7 30. Ra1 Nf8 31. Bh2 Ng6 32. Bg3 Nf4+ 33. Bxf4 exf4 34. Ra5 Rg5 35. b4 Rc8 36. Rfa1 1-0


[Site "https://www.chess.com"]

[Event "Titled Tuesday Blitz August 31 2021"]
[White "Cunha, Lucas Aguiar"]
[Black "Yeletsky, Ivan"]
[WhiteFideId "2125404"]
[BlackFideId "24180327"]
[WhiteElo "2361"]
[BlackElo "2344"]
[Result "1-0"]
[Round "03"]
[TimeControl "180+1"]
[Date "2021.08.31"]
[WhiteClock "0:00:02"]
[BlackClock "0:00:03"]

1. e4 Nf6 2. e5 Nd5 3. d4 d6 4. Nf3 dxe5 5. Nxe5 c6 6. g3 Bf5 7. Bg2 Nd7 8. Nf3 e6 9. O-O Be7 10. a3 b5 11. Qe2 O-O 12. h3 a6 13. Rd1 Qc7 14. c3 a5 15. a4 Rab8 16. axb5 cxb5 17. Na3 b4 18. Nb5 Rxb5 19. Qxb5 bxc3 20. Qe2 Rb8 21. Rf1 c2 22. Ne1 N7f6 23. g4 Bg6 24. g5 Nh5 25. Bxd5 exd5 26. Nd3 Bd6 27. Ne5 Re8 28. Qb5 Qc8 29. Qxd5 Bxe5 30. dxe5 Qxh3 31. Qg2 Qh4 32. Rxa5 h6 33. gxh6 Nf4 34. Bxf4 Qxf4 35. Rc5 Rxe5 36. Rxe5 Qxe5 37. Rc1 Qf4 38. Rxc2 gxh6 39. Rc3 Kh7 40. Rg3 Qc1+ 41. Kh2 Qxb2 42. Qf3 Qe5 43. Qg4 h5 44. Qg5 Qe2 45. Qf6 Qe4 46. Rc3 Qg4 47. Rc8 Qxc8 48. f3 Qb7 49. Kg3 Qb2 50. Qxb2 1-0


[Site "https://www.chess.com"]

[Event "Titled Tuesday Blitz August 31 2021"]
[White "Danielian, Vardan"]
[Black "Dang, Hoang Son"]
[WhiteFideId "13301594"]
[BlackFideId "12402435"]
[WhiteElo "2510"]
[BlackElo "2248"]
[Result "1-0"]
[Round "03"]
[TimeControl "180+1"]
[Date "2021.08.31"]
[WhiteClock "0:00:11"]
[BlackClock "0:00:16"]

1. Nf3 h5 2. d4 d5 3. c4 c6 4. Nc3 Nf6 5. Bg5 Ne4 6. Bf4 Qa5 7. Qc2 Bf5 8. Qb3 Qb6 9. cxd5 Qxb3 10. axb3 Nxc3 11. bxc3 cxd5 12. e3 a6 13. Kd2 f6 14. h4 Nd7 15. Bd3 Bg4 16. c4 e5 17. dxe5 Bb4+ 18. Kc2 Bxf3 19. gxf3 fxe5 20. Bg5 O-O 21. f4 e4 22. Be2 Rac8 23. Rhd1 Nb6 24. Kb2 dxc4 25. bxc4 a5 26. Rac1 Na4+ 27. Kb3 Nc5+ 28. Kb2 Rc6 29. Rd5 Rb6 30. Ka2 Na4 31. c5 Rc6 32. Bb5 Nc3+ 33. Rxc3 Bxc3 34. Bxc6 bxc6 35. Rd6 Rb8 36. Rxc6 Rb2+ 37. Ka3 Rxf2 38. Rc8+ Kh7 39. c6 Bb4+ 40. Ka4 Rc2 41. c7 Bd6 42. Bd8 Rc3 43. Kxa5 Rxe3 44. Rb8 Ra3+ 45. Kb5 Rb3+ 46. Kc6 Rxb8 47. Kxd6 Ra8 48. Kd7 e3 49. c8=Q Rxc8 50. Kxc8 Kg6 51. Kd7 Kf5 52. Ke7 Kxf4 53. Kf7 e2 54. Ba5 Kg3 55. Be1+ Kg2 56. Kxg7 Kf1 57. Bc3 Kf2 58. Kh6 Ke3 59. Kxh5 Kd3 60. Be1 Ke4 61. Kg6 Ke5 62. h5 1-0


[Site "https://www.chess.com"]

[Event "Titled Tuesday Blitz August 31 2021"]
[White "De Silva, L M S T"]
[Black "Wagner, Dennis"]
[WhiteFideId "9953698"]
[BlackFideId "24650684"]
[WhiteElo "1621"]
[BlackElo "2355"]
[Result "1/2-1/2"]
[Round "03"]
[TimeControl "180+1"]
[Date "2021.08.31"]
[WhiteClock "0:01:08"]
[BlackClock "0:00:54"]

1. e4 e5 2. Nf3 Nc6 3. Bc4 Nf6 4. d3 Bc5 5. O-O d6 6. c3 O-O 7. Re1 Bb6 8. h3 Ne7 9. Nbd2 c6 10. Bb3 Ng6 11. Nf1 d5 12. Ng3 dxe4 13. dxe4 Qxd1 14. Rxd1 h6 15. Bd2 Bd7 16. c4 Be6 17. Bb4 c5 18. Bc3 Bc7 19. Rd2 a5 20. a4 Rfd8 21. Rad1 Rxd2 22. Rxd2 Nd7 23. Ba2 Nb8 24. b3 Nc6 25. Ne1 Nd4 26. Bxd4 cxd4 27. Nd3 Bd6 28. Bb1 b6 29. Ne2 Rc8 30. Kf1 Nf8 31. f4 f6 32. g4 Nd7 33. f5 Bf7 34. h4 Nc5 35. Nxc5 bxc5 36. Nc1 Rb8 37. Bc2 Be7 38. h5 Kf8 39. Nd3 Ke8 40. Ke1 Kd7 41. Kd1 Kc7 42. Kc1 Be8 43. Bd1 Bc6 44. Re2 Bd6 45. Kc2 Kb6 46. Re1 Rb7 47. Bf3 Rf7 48. Re2 Rf8 49. Re1 Rb8 50. Re2 Kc7 51. Re1 Kd7 52. Re2 Rb7 53. Re1 Kd8 54. Re2 Kc7 1/2-1/2


[Site "https://www.chess.com"]

[Event "Titled Tuesday Blitz August 31 2021"]
[White "Devaev, Alexander"]
[Black "FGHSMN"]
[WhiteFideId "4169395"]
[WhiteElo "2185"]
[BlackElo "2664"]
[Result "0-1"]
[Round "03"]
[TimeControl "180+1"]
[Date "2021.08.31"]
[WhiteClock "0:00:02"]
[BlackClock "0:01:06"]

1. d4 Nf6 2. c4 e6 3. Nf3 c5 4. d5 exd5 5. cxd5 d6 6. Nc3 g6 7. e4 Bg7 8. h3 O-O 9. Bd3 a6 10. a4 Nbd7 11. O-O Re8 12. Bf4 Qb6 13. Qc2 Nh5 14. Bh2 Ne5 15. Be2 Nxf3+ 16. Bxf3 Nf6 17. a5 Qc7 18. Na4 Nd7 19. Bg4 b5 20. axb6 Nxb6 21. Be2 Nxa4 22. Rxa4 Qb6 23. b3 Bd7 24. Ra2 Bb5 25. Bc4 Rab8 26. Bg3 Bd4 27. Kh2 Rb7 28. f4 Rbe7 29. e5 dxe5 30. f5 Bxc4 31. bxc4 e4 32. Qa4 e3 33. d6 Re4 34. fxg6 hxg6 35. Qd7 Rf8 36. Qc7 Qb3 37. Rxa6 Qxc4 38. Re1 Qxa6 39. Qe7 Rxe7 0-1


[Site "https://www.chess.com"]

[Event "Titled Tuesday Blitz August 31 2021"]
[White "Dobrov, Vladimir"]
[Black "Sargsyan, Anna M."]
[WhiteFideId "4136594"]
[BlackFideId "13308130"]
[WhiteElo "2773"]
[BlackElo "2596"]
[Result "1-0"]
[Round "03"]
[TimeControl "180+1"]
[Date "2021.08.31"]
[WhiteClock "0:00:05"]
[BlackClock "0:00:05"]

1. d4 d5 2. c4 c6 3. Nc3 Nf6 4. Nf3 dxc4 5. a4 Bf5 6. Nh4 e6 7. Nxf5 exf5 8. Bg5 Bb4 9. e3 Qa5 10. Bxf6 Bxc3+ 11. bxc3 Qxc3+ 12. Ke2 gxf6 13. Kf3 Nd7 14. Rc1 Qa5 15. Bxc4 f4 16. Kxf4 Qg5+ 17. Kf3 O-O-O 18. Ke2 Ne5 19. Kf1 Rhg8 20. Rg1 Ng4 21. Bxf7 Nxh2+ 22. Ke1 Rg7 23. Be6+ Kb8 24. Bh3 f5 25. Qe2 f4 26. Rc5 Qh6 27. exf4 Ka8 28. Re5 Qxf4 29. Qe3 Nf3+ 30. gxf3 Rxg1+ 31. Ke2 Qh2 32. Re8 Rg8 33. Rxg8 Rxg8 34. Be6 Re8 35. f4 Qh5+ 36. Kd2 Qa5+ 37. Ke2 Qxa4 38. f5 Qc2+ 39. Kf3 h5 40. Kf4 h4 41. Kg5 h3 42. Qxh3 Qxf2 43. Qg4 Qd2+ 44. Kf6 Rd8 45. Ke7 Rb8 46. f6 Qb4+ 47. Kf7 Qf8+ 48. Kg6 Qe8+ 49. f7 Qh8 50. Qf4 a6 51. Bd7 Rf8 52. Qe5 Qh4 53. Qe8+ Ka7 54. Qxf8 Qg3+ 55. Kh6 Qh4+ 56. Kg7 Qg5+ 57. Kh7 Qh5+ 58. Kg8 Qg6+ 59. Qg7 1-0


[Site "https://www.chess.com"]

[Event "Titled Tuesday Blitz August 31 2021"]
[White "Eljanov, Pavel"]
[Black "Levitskiy, Andrey"]
[WhiteFideId "14102951"]
[BlackFideId "14132885"]
[WhiteElo "2602"]
[BlackElo "2340"]
[Result "1-0"]
[Round "03"]
[TimeControl "180+1"]
[Date "2021.08.31"]
[WhiteClock "0:00:17"]
[BlackClock "0:00:05"]

1. Nf3 c5 2. g3 g6 3. Bg2 Nc6 4. c4 Bg7 5. Nc3 e5 6. d3 Nge7 7. a3 O-O 8. Nd2 d6 9. Rb1 a5 10. Nf1 f5 11. Ne3 f4 12. Ned5 Nf5 13. e3 g5 14. O-O Be6 15. b4 axb4 16. axb4 cxb4 17. Nxb4 Qd7 18. Nbd5 Rab8 19. Ba3 Nce7 20. Qe2 Ng6 21. Rb6 g4 22. Be4 Qf7 23. Bxd6 Nxd6 24. Rxd6 f3 25. Qc2 Kh8 26. Rb1 Bf5 27. Qd1 Bxe4 28. Nxe4 Qf5 29. Rdb6 Rf7 30. c5 Rd8 31. Ndc3 Rfd7 32. Rd6 h5 33. h4 gxh3 34. Kh2 h4 35. g4 Qxg4 36. Qg1 Qg2+ 37. Qxg2 hxg2 38. Rxg6 Rxd3 39. Rg4 Kg8 40. Rxh4 R8d7 41. Rg4 Kf7 42. Kg3 Ke6 43. Kxf3 Rf7+ 44. Kxg2 Bf8 45. Ng5+ Kf5 46. Nxf7 Kxg4 47. Nxe5+ 1-0


[Site "https://www.chess.com"]

[Event "Titled Tuesday Blitz August 31 2021"]
[White "Erdogdu, Mert"]
[Black "Demin, Vladimir"]
[WhiteFideId "6301495"]
[BlackFideId "4167457"]
[WhiteElo "2485"]
[BlackElo "2558"]
[Result "1-0"]
[Round "03"]
[TimeControl "180+1"]
[Date "2021.08.31"]
[WhiteClock "0:00:59"]
[BlackClock "0:01:41"]

1. e4 Nf6 2. e5 Nd5 3. c4 Nb6 4. d4 d6 5. exd6 cxd6 6. Nc3 g6 7. Be3 Bg7 8. Rc1 O-O 9. b3 d5 10. c5 e5 11. cxb6 Nc6 12. Nce2 exd4 13. Nxd4 Bxd4 14. Bxd4 Qh4 15. Nf3 Qg4 16. h3 Re8+ 17. Be3 Qh5 18. Be2 axb6 19. a4 Bg4 20. O-O Bxh3 21. Nh2 Qh4 22. gxh3 Qxh3 23. Bf3 Ne5 24. Bg2 Qh4 25. Qxd5 Rad8 26. Qxb7 Nd3 27. Rcd1 Re5 28. Nf3 1-0


[Site "https://www.chess.com"]

[Event "Titled Tuesday Blitz August 31 2021"]
[White "Fernandez Hernandez, Arturo A."]
[Black "Timmermans, Mark"]
[WhiteFideId "3509230"]
[BlackFideId "1026399"]
[WhiteElo "2400"]
[BlackElo "2460"]
[Result "0-1"]
[Round "03"]
[TimeControl "180+1"]
[Date "2021.08.31"]
[WhiteClock "0:00:04"]
[BlackClock "0:00:27"]

1. e4 e5 2. Nf3 Nc6 3. d4 exd4 4. Nxd4 Nf6 5. Nxc6 bxc6 6. e5 Qe7 7. Qe2 Nd5 8. h4 f6 9. c4 Ba6 10. exf6 Qxe2+ 11. Bxe2 Bb4+ 12. Nd2 Nxf6 13. a3 Bxd2+ 14. Bxd2 O-O 15. O-O Rab8 16. b4 Rfe8 17. Rfe1 d5 18. Rac1 Re4 19. f3 Re7 20. Bf1 Rxe1 21. Bxe1 dxc4 22. Bf2 Ra8 23. Bxc4+ Bxc4 24. Rxc4 a5 25. Rxc6 axb4 26. axb4 Nd5 27. b5 Ra1+ 28. Kh2 Rb1 29. Rc5 Nf4 30. Rf5 Ne6 31. h5 h6 32. g4 Rb2 33. Kg3 Rb3 34. Kg2 Rb2 35. f4 Nd4 36. Rc5 Nxb5 37. g5 hxg5 38. fxg5 Nd6 39. Kf3 Rxf2+ 40. Ke3 Rf5 41. Rxc7 Rxg5 42. h6 gxh6 43. Kf4 Nf7 44. Rc6 Kg7 45. Ra6 Rg6 46. Ra5 Rg5 47. Ra6 Rg1 48. Rb6 h5 49. Rb5 Rg4+ 50. Kf3 Kh6 51. Rf5 Ng5+ 52. Kf2 h4 53. Rf8 h3 54. Rh8+ Nh7 55. Ra8 Kg5 56. Ra1 Nf6 57. Rh1 Rg2+ 58. Kf3 Kh4 59. Ra1 Rg3+ 60. Kf2 Ng4+ 61. Ke2 h2 62. Rh1 Rg1 0-1


[Site "https://www.chess.com"]